Map: Kairos Junction LE

Players

PeLLy - Winner!

  • Race: Zerg Zerg
  • League: Diamond
  • Spawn Location: 11:00

igeenger

  • Race: Terran Terran
  • League: Platinum
  • Spawn Location: 5:00

VOD

Have the link to the VOD?

Description

Time

  • Played on: Aug. 8, 2019, 5:49 p.m.
  • Length: 4:46
Show
View Real Time Build Order
Export as new Build Order

PeLLy Zerg - Winner!

Build Orders: Hatch First 

Get SALT Encoding   

  12  0:01  Drone  
  13  0:12  Overlord  
  13  0:18  Drone  
  14  0:30  Drone x2  
  14  0:35  Drone  
  17  0:53  Hatchery  
  16  0:57  Drone  
  16  1:02  Drone  
  16  1:03  Extractor  
  17  1:17  Spawning Pool  
  16  1:19  Drone  
  17  1:26  Drone  
  17  1:28  Drone  
  19  1:41  Overlord  
  19  1:53  Drone  
  21  2:01  Drone  
  21  2:04  Queen  
  21  2:05  Queen  
  21  2:06  Zergling x2  
  26  2:13  Zergling x2  
  27  2:16  Metabolic Boost  
  27  2:18  Zergling x2  
  28  2:24  Zergling x2  
  30  2:30  Zergling x2  
  30  2:36  Baneling Nest  
  29  2:45  Zergling x6  
  32  2:54  Drone  
  32  2:55  Drone  
  34  3:00  Overlord  
  35  3:05  Drone  
  35  3:22  Queen  
  37  3:28  Roach Warren  
  37  3:29  Baneling x2  
  37  3:30  Baneling x2  
  37  3:31  Baneling x2  
  36  3:35  Baneling  
  36  3:41  Zergling x10  
  37  4:15  Zergling x14  
  43  4:17  Overlord x2  
Show
View Real Time Build Order
Export as new Build Order

igeenger Terran 

Build Orders: 1/1/1 

Get SALT Encoding   

  12  0:02  SCV  
  13  0:14  SCV  
  13  0:17  Supply Depot  
  14  0:26  Refinery  
  14  0:28  SCV  
  15  0:42  Barracks  
  15  0:49  SCV  
  16  0:53  Refinery  
  16  1:01  SCV  
  17  1:13  SCV  
  18  1:25  SCV  
  19  1:29  Factory  
  19  1:37  Orbital Command  
  19  1:42  Marine  
  20  1:52  Supply Depot  
  20  2:00  Marine  
  21  2:04  SCV  
  22  2:15  Starport  
  22  2:18  Marine  
  22  2:21  SCV  
  24  2:29  Supply Depot  
  24  2:33  SCV  
  25  2:44  Marine, Bunker  
  25  2:46  SCV  
  27  2:56  Factory Tech Lab  
  27  3:02  Starport Reactor  
  27  3:03  Marine  
  28  3:08  SCV  
  28  3:11  Supply Depot  
  29  3:18  Infernal Pre-Igniter  
  29  3:21  Hellion  
  29  3:24  Marine  
  32  3:28  SCV  
  33  3:44  Command Center  
  29  4:06  Marine  
  29  4:09  Hellion  
Tags
 
Add a new tag
Caveats
  • Supply blocks, unpowered buildings, or Contaminate may cause inaccurate times.
  • Supply counts are checked every 10 seconds.